 Dungeon Crawl Stone Soup version 0.29-a0-598-gd8304a5bf4 (webtiles) character file.

Game seed: 17795819776550685335

192 YayAnonymity the Ducker (level 5, -10/43 HPs)
             Began as a Gnoll Gladiator on June 16, 2022.
             Was an Initiate of the Shining One.
             Mangled by an ogre
             ... wielding a +0 giant spiked club
              (27 damage)
             ... on level 3 of the Dungeon.
             The game lasted 00:02:58 (2646 turns).

YayAnonymity the Ducker (Gnoll Gladiator)           Turns: 2646, Time: 00:02:58

Health: -10/43     AC: 13    Str: 13    XL:     5   Next: 71%
Magic:  7/7        EV:  7    Int: 10    God:    the Shining One [......]
Gold:   93         SH:  0    Dex: 13    Spells: 7/7 levels left

rFire   . . .      SeeInvis .   a - +0 war axe
rCold   . . .      Faith    .   (no shield)
rNeg    . . .      Spirit   .   p - +4 chain mail
rPois   .          Reflect  .   c - +0 helmet
rElec   .          Harm     .   (no cloak)
rCorr   .          Rampage  .   (no gloves)
Will    .....                   (no boots)
Stlth   ..........              (no amulet)
HPRegen 0.14/turn               (no ring)
MPRegen 0.10/turn               (no ring)

@: glowing
A: fangs 1, strong nose, distributed training
a: Renounce Religion


You were on level 3 of the Dungeon.
You worshipped the Shining One.
The Shining One was noncommittal.
You visited 1 branch of the dungeon, and saw 3 of its levels.

You collected 93 gold pieces.

Inventory:

Hand Weapons
 a - a +0 war axe (weapon)
 b - a +0 shortbow
 j - a +1 antimagic short sword
Missiles
 d - 3 throwing nets (quivered)
 e - a javelin
Armour
 c - a +0 helmet (worn)
 p - a +4 chain mail (worn)
Wands
 f - a wand of iceblast (4)
Scrolls
 n - a scroll of teleportation {unknown}
 o - 2 scrolls of enchant armour {unknown}
Potions
 g - a potion of magic
 i - 3 potions of might
 k - 2 potions of curing
 l - a potion of invisibility {unknown}
 m - a potion of mutation {unknown}


   Skills:
 + Level 4.8 Fighting
 + Level 1.6 Short Blades
 + Level 1.6 Long Blades
 + Level 6.7 Axes
 + Level 1.6 Maces & Flails
 + Level 1.6 Polearms
 + Level 1.6 Staves
 + Level 1.6 Slings
 + Level 1.6 Bows
 + Level 1.6 Crossbows
 + Level 4.8 Throwing
 + Level 1.6 Armour
 + Level 6.7 Dodging
 + Level 1.6 Stealth
 + Level 1.6 Shields
 + Level 1.6 Unarmed Combat
 + Level 1.6 Spellcasting
 + Level 1.2 Conjurations
 + Level 1.2 Hexes
 + Level 1.2 Summonings
 + Level 1.2 Necromancy
 + Level 1.2 Translocations
 + Level 1.2 Transmutations
 + Level 1.2 Fire Magic
 + Level 1.2 Ice Magic
 + Level 1.2 Air Magic
 + Level 1.2 Earth Magic
 + Level 1.2 Poison Magic
 + Level 1.8 Invocations
 + Level 1.6 Evocations


You had 7 spell levels left.
You didn't know any spells.
Your spell library was empty.

Dungeon Overview and Level Annotations

Branches:
Dungeon (3/15)

Altars:
The Shining One


Innate Abilities, Weirdness & Mutations

You have very sharp teeth.
Your uncanny sense of smell can sniff out nearby items.
Your experience applies equally to all skills.


Message History

You start removing your armour.
You continue taking off your +0 leather armour. x4
You finish taking off your +0 leather armour.
You start putting on your armour.
You continue putting on your +4 chain mail. x5
You finish putting on your +4 chain mail.
You drop a +0 leather armour.
As you read the scroll labelled GIVICS PEICISK, it crumbles to dust.
It is a scroll of identify.
i - 3 potions of might
As you read the scroll of identify, it crumbles to dust.
k - 2 potions of curing
As you read the scroll of identify, it crumbles to dust.
g - a potion of magic
f - a wand of iceblast (4)
Things that are here:
a +0 club; a +0 scale mail You see here a rat skeleton.
Found a stone staircase leading up.
No target in view!
Found a stone staircase leading down.
Found a mace.
A bat comes into view.
You shoot an arrow. The arrow hits the bat.
You kill the bat!
No target in view!
Found a dagger.
You open the door.
An ogre comes into view. It is wielding a +0 giant spiked club.
You shoot an arrow. The arrow hits the ogre!
The ogre is moderately wounded.
You shoot an arrow. The arrow completely misses the ogre.
The ogre hits you with a +0 giant spiked club!!
Ouch! That really hurt!
a - a +0 war axe (weapon)
You hit the ogre.
The ogre is moderately wounded.
The ogre hits you with a +0 giant spiked club!!
Ouch! That really hurt!
You die...

#.###.#.####...........#
.##.....#)..........#.##)#
#....................#.##.#
#########.#####..... #..[..
∆ #.## #.... #..#.# #..#
#### #..#.. ##.# #..###
##.## ∆#..# # #.@.# # #
##O## # ... # +.8.+ #...#∆
##+## ∆


You could see an ogre.

Vanquished Creatures
  An ogre (D:3)
  Ijyb (D:3)
  An adder (D:2)
  2 worms (D:2)
  2 dart slugs
  4 ball pythons
  3 bats
  9 endoplasms
  3 giant cockroaches
  5 hobgoblins
  4 jackals (D:2)
  5 quokkas
  4 frilled lizards
  3 goblins
  7 kobolds
  8 rats
62 creatures vanquished.

Notes
Turn   | Place    | Note
-------+----------+-------------------------------------------
     0 | D:1      | YayAnonymity the Gnoll Gladiator began the quest for the
                  | Orb.
     0 | D:1      | Reached XP level 1. HP: 20/20 MP: 1/1
   132 | D:1      | Reached XP level 2. HP: 23/26 MP: 2/2
   222 | D:1      | Found a faded altar of an unknown god.
   706 | D:2      | Reached XP level 3. HP: 31/31 MP: 3/3
  1050 | D:2      | Found a glowing golden altar of the Shining One.
  1060 | D:2      | Became a worshipper of the Shining One
  1063 | D:2      | Reached skill level 1 in Invocations
  1192 | D:2      | Reached skill level 1 in Short Blades
  1192 | D:2      | Reached skill level 1 in Long Blades
  1192 | D:2      | Reached skill level 1 in Maces & Flails
  1192 | D:2      | Reached skill level 1 in Polearms
  1192 | D:2      | Reached skill level 1 in Staves
  1192 | D:2      | Reached skill level 1 in Slings
  1192 | D:2      | Reached skill level 1 in Bows
  1192 | D:2      | Reached skill level 1 in Crossbows
  1192 | D:2      | Reached skill level 1 in Armour
  1192 | D:2      | Reached skill level 1 in Stealth
  1192 | D:2      | Reached skill level 1 in Shields
  1192 | D:2      | Reached skill level 1 in Unarmed Combat
  1192 | D:2      | Reached skill level 1 in Spellcasting
  1192 | D:2      | Reached skill level 1 in Evocations
  1601 | D:2      | Reached XP level 4. HP: 38/38 MP: 5/5
  2128 | D:3      | Noticed an ogre
  2135 | D:3      | Killed an ogre
  2136 | D:3      | Reached skill level 1 in Conjurations
  2136 | D:3      | Reached skill level 1 in Hexes
  2136 | D:3      | Reached skill level 1 in Summonings
  2136 | D:3      | Reached skill level 1 in Necromancy
  2136 | D:3      | Reached skill level 1 in Translocations
  2136 | D:3      | Reached skill level 1 in Transmutations
  2136 | D:3      | Reached skill level 1 in Fire Magic
  2136 | D:3      | Reached skill level 1 in Ice Magic
  2136 | D:3      | Reached skill level 1 in Air Magic
  2136 | D:3      | Reached skill level 1 in Earth Magic
  2136 | D:3      | Reached skill level 1 in Poison Magic
  2136 | D:3      | Reached XP level 5. HP: 43/43 MP: 5/7
  2356 | D:3      | Noticed Ijyb
  2377 | D:3      | Killed Ijyb
  2642 | D:3      | Noticed an ogre
  2646 | D:3      | Mangled by an ogre

Illustrated notes

Levels and vault maps discovered:
D:1:      saegor_arrival_simple_e, layout_basic, ebering_ecumenical_altar_hall,
          kennysheep_doodads
D:2:      layout_basic, basic_altar
D:3:      layout_basic, grunt_temple_overflow_diamond, uniq_ijyb

Skill      XL: |  1  2  3  4 |
---------------+-------------+-----
Invocations    | 1 |  1.8
Short Blades   | 1 |  1.6
Long Blades    | 1 |  1.6
Maces & Flails | 1 |  1.6
Polearms       | 1 |  1.6
Staves         | 1 |  1.6
Slings         | 1 |  1.6
Bows           | 1 |  1.6
Crossbows      | 1 |  1.6
Armour         | 1 |  1.6
Stealth        | 1 |  1.6
Shields        | 1 |  1.6
Unarmed Combat | 1 |  1.6
Spellcasting   | 1 |  1.6
Evocations     | 1 |  1.6
Conjurations   | 1 |  1.2
Hexes          | 1 |  1.2
Summonings     | 1 |  1.2
Necromancy     | 1 |  1.2
Translocations | 1 |  1.2
Transmutations | 1 |  1.2
Fire Magic     | 1 |  1.2
Ice Magic      | 1 |  1.2
Air Magic      | 1 |  1.2
Earth Magic    | 1 |  1.2
Poison Magic   | 1 |  1.2
Fighting       | |  4.8
Axes           | |  6.7
Throwing       | |  4.8
Dodging        | |  6.7

Action                   |  1- 3 |  4- 6 || total
-------------------------+-------+-------++-------
Melee: War axe           |    91 |     8 ||    99
       Bite              |     7 |       ||     7
       Punch             |     2 |       ||     2
 Fire: Shortbow          |    53 |    47 ||   100
  Use: Scroll            |       |     3 ||     3
Armor: Leather armour    |    22 |     2 ||    24
Dodge: Dodged            |    99 |    20 ||   119

Table legend: (Time is in decaauts)
 A = Elapsed time spent in this place.
 B = Non-inter-level travel time spent in this place.
 C = Inter-level travel time spent in this place.
 D = Time resting spent in this place.
 E = Time spent auto-exploring this place.
 F = Levels seen in this place.
 G = Mean time per level.
                   A        B        C        D        E       F      G
               +--------+--------+--------+--------+--------+-----+--------+
         Total |   2707 |   2663 |     44 |    587 |   1614 |   3 |  902.3 |
       Dungeon |   2707 |   2663 |     44 |    587 |   1614 |   3 |  902.3 |
               +--------+--------+--------+--------+--------+-----+--------+

Top non-repeatable levels by time:
     D:2: 1442 daAuts
     D:1: 710 daAuts
     D:3: 554 daAuts
